 Dungeon Crawl Stone Soup version 0.22.0-6-g71bd7aa (webtiles) character file.

66 Faca the Chopper (level 3, -4/33 HPs)
             Began as a Deep Dwarf Gladiator on Aug 15, 2018.
             Was an Initiate of Makhleb.
             Splashed by a jelly's acid (8 damage)
             ... on level 3 of the Dungeon.
             The game lasted 00:03:52 (1210 turns).

Faca the Chopper (Deep Dwarf Gladiator)             Turns: 1210, Time: 00:03:52

Health: -4/33      AC: -3    Str: 18    XL:     3   Next: 96%
Magic:  3/3        EV:  8    Int:  8    God:    Makhleb [......]
Gold:   149        SH:  0    Dex: 14    Spells: 2/2 levels left

rFire    . . .     SeeInvis .   k - +0 hand axe (drain)
rCold    . . .     Gourm    .   (no shield)
rNeg     . . .     Faith    .   j - +0 chain mail
rPois    .         Spirit   .   c - +0 helmet
rElec    .         Reflect  .   (no cloak)
rCorr    .         Harm     .   (no gloves)
MR       .....                  (no boots)
Stlth    ..........             (no amulet)
HPRegen  0.00/turn              (no ring)
MPRegen  0.08/turn              (no ring)

@: corroded, non-regenerating
A: damage resistance, heal wounds, sense surroundings 1, no regeneration
a: Heal Wounds, Renounce Religion


You were on level 3 of the Dungeon.
You worshipped Makhleb.
Makhleb was noncommittal.
You were not hungry.

You visited 1 branch of the dungeon, and saw 3 of its levels.

You collected 149 gold pieces.

Inventory:

Hand Weapons
 k - a +0 hand axe of draining (weapon)
Missiles
 d - 3 throwing nets (quivered)
Armour
 c - a +0 helmet (worn)
 j - a +0 chain mail (worn)
Scrolls
 a - a scroll of identify {unknown}
 g - 4 scrolls of teleportation {unknown}
 i - a scroll of enchant weapon {unknown}
Potions
 b - a potion of curing {unknown}
 h - 2 potions of might
Comestibles
 f - 2 rations


   Skills:
 + Level 2.6 Fighting
 * Level 4.8 Axes
 - Level 1.7 Throwing
 - Level 3.2 Dodging


You had 2 spell levels left.
You didn't know any spells.
Your spell library was empty.

Dungeon Overview and Level Annotations

Branches:
Dungeon (3/15)

Altars:
Makhleb
Sif Muna
Zin

Annotations:
D:3 3 runed doors, Sin92's ghost, amateur DsFi


Innate Abilities, Weirdness & Mutations

You are resistant to damage.
You can heal yourself by infusing magical energy.
You passively map a small area around you.
You do not regenerate.


Message History

The jelly is lightly wounded.
The jelly hits you but does no damage.
You hit the jelly but do no damage. You drain the jelly! The acid corrodes you!
Your hands burn!
The jelly is moderately wounded.
The jelly hits you. The acid corrodes you!
You are splashed with acid!
The acid burns!
You hit the jelly but do no damage.
Your hands burn!
The jelly is moderately wounded.
The jelly hits you.
You are splashed with acid!
The acid burns!
You barely miss the jelly.
The jelly is moderately wounded.
The jelly hits you.
You are splashed with acid!
The acid burns!
* * * LOW HITPOINT WARNING * * *
The jelly barely misses you.
You hit the jelly but do no damage. You drain the jelly!
Your hands burn!
* * * LOW HITPOINT WARNING * * *
The jelly is heavily wounded.
The jelly hits you.
You are splashed with acid!
The acid burns!
You die...

...#†#.........####.#..#..oo.ooo.
##.#.#.........#....#..#...o#####
..........###..#.#####.#.###.....
..........# #..#.......#.#8#..8,.
..........# #..#########.......
##......#####.#####..# 8 ...
#...#....#....#......### *
.............#..#......# * *
####.#..#......#@....... *,
,.#......###..J.?..$., , ,,
*#.#... ...........
...................
#.....####......... , .....
,.......... .........., , ,
###........ , , *


You could see a jelly.

Vanquished Creatures
  Terence (D:2)
  3 leopard geckos
  An orc (D:3)
  7 bats (D:1)
  A giant cockroach (D:2)
  4 goblins
  5 hobgoblins
  4 jackals (D:1)
  A ball python (D:1)
  2 frilled lizards (D:1)
  2 kobolds (D:1)
  4 rats (D:1)
35 creatures vanquished.

Notes
Turn   | Place    | Note
-------+----------+-------------------------------------------
     0 | D:1      | Faca the Deep Dwarf Gladiator began the quest for the Orb.
     0 | D:1      | Reached XP level 1. HP: 19/19 MP: 1/1
   124 | D:1      | Reached XP level 2. HP: 24/26 MP: 2/2
   327 | D:1      | Reached skill level 4 in Axes
   445 | D:1      | Reached XP level 3. HP: 21/32 MP: 3/3
   618 | D:2      | Found a deep blue altar of Sif Muna.
   770 | D:2      | Noticed Terence
   790 | D:2      | Killed Terence
  1023 | D:2      | Found a glowing silver altar of Zin.
  1104 | D:3      | Found a burning altar of Makhleb.
  1104 | D:3      | Noticed an Executioner
  1107 | D:3      | Noticed a neqoxec
  1107 | D:3      | Noticed a neqoxec
  1109 | D:3      | Became a worshipper of Makhleb the Destroyer
  1158 | D:3      | Found a runed gate.
  1160 | D:3      | Found a runed gate.
  1160 | D:3      | Found a runed gate.
  1160 | D:3      | Noticed Sin92's ghost (amateur DsFi)
  1210 | D:3      | Splashed by a jelly's acid

Skill      XL: |  1  2 |
---------------+-------+-----
Fighting       | 2 |  2.6
Axes           | 4 |  4.8
Throwing       | |  1.7
Dodging        | |  3.2

Action                   || total
-------------------------++-------
Melee: Hand axe          ||   108
       War axe           ||     9
 Abil: Heal Wounds       ||     1
  Eat: Ration            ||     1
Armor: Leather armour    ||    39
       Chain mail        ||     5
Dodge: Dodged            ||    84
